 Dungeon Crawl Stone Soup version 0.27.0-1-g7a089689b8 (webtiles) character file.

Game seed: 3902849560227082782

32 theswoord the Slasher (level 3, 27/27 HPs)
             Began as a Demonspawn Gladiator on Aug 5, 2021.
             Got out of the dungeon alive.
             The game lasted 00:00:56 (1435 turns).

theswoord the Slasher (Demonspawn Gladiator)        Turns: 1435, Time: 00:00:57

Health: 27/27      AC:  3    Str: 15    XL:     3   Next: 8%
Magic:  3/3        EV: 12    Int:  9    God:
Gold:   38         SH:  0    Dex: 14    Spells: 2/2 levels left

rFire    . . .     SeeInvis .   a - +0 long sword
rCold    . . .     Faith    .   (no shield)
rNeg     . . .     Spirit   .   b - +0 leather armour
rPois    .         Reflect  .   (helmet restricted)
rElec    .         Harm     .   (no cloak)
rCorr    .         Rampage  .   (no gloves)
Will     .....                  (no boots)
Stlth    +.........             (no amulet)
HPRegen  0.09/turn              (no ring)
MPRegen  0.08/turn              (no ring)

@: no status effects
A: antennae 1, demonic magic 1
a: no special abilities


You escaped.
You visited 1 branch of the dungeon, and saw 1 of its levels.

You collected 38 gold pieces.

Inventory:

Hand Weapons
 a - a +0 long sword (weapon)
Missiles
 d - 3 throwing nets (quivered)
Armour
 b - a +0 leather armour (worn)
 c - a +0 helmet
Scrolls
 f - a scroll of acquirement {unknown}
 g - 2 scrolls of teleportation {unknown}
 h - a scroll of silence {unknown}
 i - a scroll of vulnerability {unknown}
 j - a scroll of fear {unknown}
 k - a scroll of amnesia {unknown}
Potions
 e - a potion of curing {unknown}


   Skills:
 - Level 2.0 Fighting
 + Level 3.9 Long Blades
 - Level 1.7 Throwing
 - Level 2.6 Dodging


You had 2 spell levels left.
You didn't know any spells.
Your spell library was empty.

Dungeon Overview and Level Annotations

Branches:
Dungeon (1/15)

Altars:


Innate Abilities, Weirdness & Mutations

You have a pair of small antennae on your head.
Spells you cast may paralyse adjacent enemies.


Message History

A menacing aura infuses your magic.
Key pressed, stopping explore.
Key pressed, stopping explore.
Key pressed, stopping explore.
j - a scroll labelled JELOOPS USEUF
Items here: ( ) ÷÷.
Things that are here:
a +0 whip; 5 stones
Things that are here:
a +0 dagger; 5 stones A bat comes into view.
A bat is nearby!
A bat is nearby!
The bat barely misses you. The bat hits you but does no damage.
The bat barely misses you.
You riposte.
You barely miss the bat. The bat misses you.
You hit the bat.
You kill the bat!
No target in view!
g - 2 scrolls labelled GIHOCRU CEATID (gained 1)
k - a scroll labelled MYUFOY LOLO
Found a stone staircase leading down.
There is a stone staircase leading down here.
A hobgoblin comes into view.
The hobgoblin shouts!
A rat comes into view.
There are monsters nearby!
Found a scroll labelled SOESYN FIFFO.
You slash the rat!
You kill the rat!
You hit the hobgoblin.
You kill the hobgoblin!
No target in view!
No target in view!
There is an open door here.
There is an open door here.
There is a staircase leading out of the dungeon here.
Are you sure you want to leave the Dungeon?
This will make you lose the game!
You have escaped!

#.##.##.# #....#.♣.P..# #.###
#.##.##.# ##+###'##...P..# #.##.
#.##.##.# #.......#......## #.#..
........# ###+##..'.......# #.#..
#.##....# #..#.....:.# #.#..
#.#####.# #'##...P...# #.#.. #.#
#.# #..#.♣.P...###.#.. #.# #.#
#..#...P.......... #.# #.#
#@.#...P..##...... #.# #.#
####PPPP..##...... #.# #.#
.......##...... #.# #.#
......####.#..
#.#########################....##
........................# #....##
#######################.# #......
#.# #....## ##.###....##


There were no monsters in sight!

Vanquished Creatures
  A bat (D:1)
  5 endoplasms (D:1)
  2 goblins (D:1)
  5 hobgoblins (D:1)
  6 kobolds (D:1)
  A ball python (D:1)
  3 frilled lizards (D:1)
  5 rats (D:1)
28 creatures vanquished.

Vanquished Creatures (others)
  5 plants (D:1)
5 creatures vanquished.

Grand Total: 33 creatures vanquished

Notes
Turn   | Place    | Note
-------+----------+-------------------------------------------
     0 | D:1      | theswoord the Demonspawn Gladiator began the quest for the
                  | Orb.
     0 | D:1      | Reached XP level 1. HP: 16/16 MP: 1/1
   247 | D:1      | Reached skill level 3 in Long Blades
   280 | D:1      | Gained mutation: You have a pair of small antennae on your
                  | head. [demonic ancestry]
   280 | D:1      | Reached XP level 2. HP: 20/22 MP: 2/2
   886 | D:1      | Gained mutation: Spells you cast may paralyse adjacent
                  | enemies. [demonic ancestry]
   886 | D:1      | Reached XP level 3. HP: 6/27 MP: 3/3
  1435 | D:$      | Got out of the dungeon alive.

Skill      XL: |  1 |
---------------+----+-----
Long Blades    | 3 |  3.9
Fighting       | |  2.0
Throwing       | |  1.7
Dodging        | |  2.6

Action                   || total
-------------------------++-------
Melee: Long sword        ||    59
 Stab: Sleeping          ||     2
Armor: Leather armour    ||    17
Dodge: Dodged            ||    44
       Rpst.: Long sword ||    13

Levels and vault maps discovered:
D:1:      evilmike_arrival_home_sweet_home, layout_basic,
          lexackson_kobold_supper
